 Dungeon Crawl Stone Soup version 0.23.2-33-g5129a83184 (webtiles) character file.

Game seed: 15699433846084144986

428 t4s4d4r the Digger (level 6, -3/34 HPs)
             Began as a Gargoyle Earth Elementalist on July 2, 2019.
             Killed from afar by an orc wizard (9 damage)
             ... with a puff of flame
             ... on level 4 of the Dungeon.
             The game lasted 00:06:36 (4902 turns).

t4s4d4r the Digger (Gargoyle Earth Elementalist)    Turns: 4902, Time: 00:06:37

Health: -3/34      AC:  6    Str: 12    XL:     6   Next: 98%
Magic:  20/20      EV: 11    Int: 17    God:
Gold:   190        SH:  0    Dex:  5    Spells: 8/12 levels left

rFire    . . .     SeeInvis .   e - +1 mace (drain)
rCold    . . .     Gourm    .   (no shield)
rNeg     + . .     Faith    .   c - +0 robe
rPois    ∞         Spirit   .   (no helmet)
rElec    +         Reflect  .   (no cloak)
rCorr    .         Harm     .   (no gloves)
MR       .....                  (no boots)
Stlth    +.........             (no amulet)
HPRegen  0.11/turn              p - ring of magical power
MPRegen  0.17/turn              t - -5 ring of dexterity (curse)

@: confused
A: negative energy resistance 1, electricity resistance, unbreathing,
petrification resistance, rot immunity, AC +4
a: no special abilities


You were on level 4 of the Dungeon.
You were not hungry.

You visited 1 branch of the dungeon, and saw 4 of its levels.

You collected 190 gold pieces.

Inventory:

Hand Weapons
 e - a +1 mace of draining (weapon)
Missiles
 b - 201 stones (quivered)
Armour
 c - a +0 robe (worn)
Jewellery
 h - an uncursed ring of wizardry {unknown}
 p - a ring of magical power (left hand)
 t - a cursed -5 ring of dexterity (right hand)
Scrolls
 i - a scroll of magic mapping
 j - a scroll of noise {unknown}
 k - 3 scrolls of teleportation {unknown}
 m - a scroll of enchant weapon {unknown}
 n - a scroll of immolation {unknown}
 o - a scroll of amnesia
 u - a scroll of fear {unknown}
Potions
 a - 3 potions of curing
 f - a potion of lignification
 g - a potion of flight
 l - a potion of ambrosia {unknown}
 q - a potion of heal wounds
 r - a potion of brilliance
 s - a potion of haste {unknown}
Comestibles
 d - 7 rations
 v - 3 chunks of flesh


   Skills:
 + Level 1.5 Fighting
 - Level 1.5 Dodging
 - Level 2.1 Stealth
 - Level 3.6 Spellcasting
 + Level 2.8 Conjurations
   Level 0.7 Transmutations
 * Level 7.0 Earth Magic


You had 8 spell levels left.
You knew the following spells:

 Your Spells              Type           Power        Failure   Level  Hunger
a - Sandblast             Erth           ####..       1%          1    None
b - Stone Arrow           Conj/Erth      ###...       6%          3    ###....

Your spell library contained the following spells:

 Spells                   Type           Power        Failure   Level  Hunger
 Passwall                 Tmut/Erth      ###.....     4%          2    ##.....
 Summon Small Mammal      Summ           #...         17%         1    None
 Call Imp                 Summ           #.......     26%         2    ##.....
 Lee's Rapid Deconstruct  Erth           ####......   26%         5    ######.
 Petrify                  Tmut/Erth      ###.....     32%         4    ####...
 Call Canine Familiar     Summ           #.......     45%         3    ###....
 Summon Guardian Golem    Hex/Summ       #.......     45%         3    ###....
 Summon Ice Beast         Ice/Summ       #.......     86%         4    ####...
 Summon Lightning Spire   Summ/Air       #.......     86%         4    ####...


Dungeon Overview and Level Annotations

Branches:
Dungeon (4/15)
 Temple: D:4-7

Altars:
Ashenzari
Vehumet
Xom

Shops:
D:4 [


Innate Abilities, Weirdness & Mutations

You are resistant to torment.
Your stone body is resilient. (AC +4)
You are immune to poison.
You resist negative energy. (rN+)
You are resistant to electric shocks. (rElec)
You can survive without breathing.
You are immune to petrification.
You are immune to rotting.


Message History

You bump into the stone wall.
An orc wizard appears from thin air!
Reactivating autopickup.
The orc wizard completely misses you.
You bump into the stone wall.
The orc wizard barely misses you.
You bump into the stone wall.
The orc wizard hits you with a +0 dagger.
* * * LOW HITPOINT WARNING * * *
You closely miss the orc wizard.
The orc wizard is moderately wounded.
The orc wizard closely misses you.
You bump into the stone wall.
The orc wizard gestures at you while chanting.
The magic dart hits you.
* * * LOW HITPOINT WARNING * * *
You bump into the stone wall.
The orc wizard hits you but does no damage.
You bump into the stone wall.
The orc wizard gestures at you while chanting.
The puff of flame hits you!
You die...

#.# #.# #>#
#.# #.# #.#
#.# #######.#
#.# #........
#)# #.#####.#
##.#### #.#
#.....# #..
#@###.# ##
### #o#
#.###...# #
#†###.....#
#....>.##...#
###.##.# ##
#.# .# #.# S#
#.# .# #.# .#


You could see an orc wizard.

Vanquished Creatures
  An ogre (D:4)
  A howler monkey (D:4)
  Jessica (D:2)
  An iguana (D:4)
  A worker ant (D:4)
  3 gnolls (D:3)
  8 adders
  An adder skeleton (D:4)
  4 worms
  A dart slug (D:3)
  5 leopard geckos
  10 orcs
  4 giant cockroaches
  7 goblins
  11 hobgoblins
  4 jackals (D:1)
  A ball python (D:3)
  14 bats
  12 frilled lizards
  12 kobolds
  4 rats
106 creatures vanquished.

Notes
Turn   | Place    | Note
-------+----------+-------------------------------------------
     0 | D:1      | t4s4d4r the Gargoyle Earth Elementalist began the quest for
                  | the Orb.
     0 | D:1      | Reached XP level 1. HP: 10/10 MP: 3/3
   422 | D:1      | Reached XP level 2. HP: 8/15 MP: 3/5
  1117 | D:1      | Reached XP level 3. HP: 15/19 MP: 7/7
  1196 | D:1      | Reached skill level 4 in Earth Magic
  1991 | D:2      | Reached skill level 5 in Earth Magic
  1991 | D:2      | Reached XP level 4. HP: 13/24 MP: 6/8
  2035 | D:2      | Learned a level 3 spell: Stone Arrow
  2470 | D:2      | Found a shattered altar of Ashenzari.
  2664 | D:2      | Noticed Jessica
  2669 | D:2      | Killed Jessica
  2669 | D:2      | Reached skill level 1 in Conjurations
  2669 | D:2      | Reached XP level 5. HP: 15/28 MP: 7/9
  2670 | D:2      | Found a radiant altar of Vehumet.
  3699 | D:3      | Found a shimmering altar of Xom.
  3847 | D:3      | Reached skill level 6 in Earth Magic
  3918 | D:3      | Reached XP level 6. HP: 25/32 MP: 11/11
  4230 | D:4      | Reached skill level 1 in Fighting
  4405 | D:4      | Found Hoto's Antique Armour Boutique.
  4481 | D:4      | Reached skill level 7 in Earth Magic
  4902 | D:4      | Killed from afar by an orc wizard

Skill      XL: |  1  2  3  4  5  6 |
---------------+-------------------+-----
Spellcasting   | 3 |  3.6
Earth Magic    | 5 6 7 |  7.0
Conjurations   | 1 2 |  2.8
Fighting       | 1 |  1.5
Dodging        | |  1.5
Stealth        | |  2.1
Transmutations | |  0.7

Action                   |  1- 3 |  4- 6 || total
-------------------------+-------+-------++-------
Melee: Unarmed           |    77 |       ||    77
       Dagger            |   130 |    69 ||   199
       Mace              |       |   178 ||   178
       Trident           |       |     6 ||     6
 Cast: Sandblast         |    10 |    18 ||    28
       Stone Arrow       |       |     8 ||     8
  Use: Scroll            |       |     7 ||     7
 Stab: Sleeping          |     4 |     2 ||     6
  Eat: Chunk             |     4 |    10 ||    14
Armor: Robe              |   102 |   154 ||   256
Dodge: Dodged            |   159 |   222 ||   381
